 Dungeon Crawl Stone Soup version 0.27.1-34-g3ba077fa99 (webtiles) character file.

Game seed: 4987172250786648591

6519 chibimon the Destroyer (level 10, -2/80 HPs)
             Began as a Black Draconian Conjurer on Jan 4, 2022.
             Was a Follower of Sif Muna.
             Shot with an arrow by a centaur warrior (3 damage)
             ... on level 9 of the Dungeon.
             The game lasted 00:52:50 (10331 turns).

chibimon the Destroyer (Black Draconian Conjurer)  Turns: 10331, Time: 00:52:50

Health: -2/80      AC: 10    Str: 10    XL:     10   Next: 69%
Magic:  15/21      EV: 13    Int: 22    God:    Sif Muna [*.....]
Gold:   271        SH:  0    Dex:  9    Spells: 11/24 levels left

rFire    . . .     SeeInvis .   n - +7 flail
rCold    . . .     Faith    .   (no shield)
rNeg     . . .     Spirit   .   (armour unavailable)
rPois    .         Reflect  .   (helmet restricted)
rElec    +         Harm     .   h - +0 cloak
rCorr    .         Rampage  .   p - +0 pair of gloves
Will     .....                  t - +0 pair of boots
Stlth    ++........             i - amulet of regeneration
HPRegen  1.23/turn              d - ring of wizardry
MPRegen  0.17/turn              (no ring)

@: no status effects
A: breathe lightning, AC +7, unfitting armour, electricity resistance,
cold-blooded
a: Breathe Lightning, Renounce Religion, Channel Magic


You were on level 9 of the Dungeon.
You worshipped Sif Muna.
Sif Muna was aware of your devotion.
You visited 2 branches of the dungeon, and saw 10 of its levels.

You collected 416 gold pieces.
You spent 145 gold pieces at shops.

Inventory:

Hand Weapons
 n - a +7 flail (weapon)
 z - a +2 spear of freezing
Missiles
 a - 5 datura-tipped darts
Armour
 h - a +0 cloak (worn)
 p - a +0 pair of gloves (worn)
 t - a +0 pair of boots (worn)
Magical Staves
 A - a staff of air
Jewellery
 d - a ring of wizardry (left hand)
 i - an amulet of regeneration (around neck)
 C - an amulet of the acrobat
Wands
 E - a wand of flame (24)
 F - a wand of paralysis (6)
 H - a wand of charming (6)
Scrolls
 j - 2 scrolls of noise
 k - 5 scrolls of amnesia
 l - a scroll of torment
 m - 2 scrolls of teleportation
 q - 2 scrolls of fog
 v - 2 scrolls of immolation
 w - a scroll of fear
 x - 2 scrolls of identify
 y - a scroll of magic mapping
 B - a scroll of blinking {unknown}
 D - a scroll of acquirement {unknown}
 G - a scroll of enchant armour {unknown}
 I - a scroll of summoning {unknown}
Potions
 b - 3 potions of flight
 c - a potion of degeneration
 e - a potion of might
 f - 2 potions of heal wounds
 g - a potion of haste
 o - 2 potions of lignification
 r - a potion of attraction
 s - 2 potions of resistance
 u - a potion of curing


   Skills:
 + Level 4.3 Fighting
 + Level 6.4 Dodging
 - Level 4.0 Stealth
 + Level 7.5 Spellcasting
 + Level 9.0 Conjurations
 + Level 6.4 Air Magic
 + Level 2.4 Invocations
 + Level 5.1 Evocations


You had 11 spell levels left.
You knew the following spells:

 Your Spells              Type           Power      Damage    Failure   Level
a - Magic Dart            Conj           100%       1d8       1%          1
b - Searing Ray           Conj           94%        3d6       1%          2
c - Fulminant Prism       Conj/Hex       14%        3d9       4%          4
d - Iskenderun's Mystic   Conj/Tloc      28%        2d7       4%          4
e - Poisonous Vapours     Pois/Air       44%        N/A       1%          2

Your spell library contained the following spells:

 Spells                   Type           Power      Damage    Failure   Level
 Dazzling Flash           Conj/Hex       56%        N/A       1%          3
 Animate Skeleton         Necr           16%        N/A       3%          1
 Pain                     Necr           32%        1d5       3%          1
 Sting                    Tmut/Pois      32%        1d4       3%          1
 Call Canine Familiar     Summ           8%         N/A       10%         3
 Portal Projectile        Hex/Tloc       16%        N/A       10%         3
 Tukima's Dance           Hex            8%         N/A       10%         3
 Vampiric Draining        Necr           4%         2d6       10%         3
 Leda's Liquefaction      Hex/Erth       4%         N/A       30%         4
 Olgreb's Toxic Radiance  Pois           8%         N/A       30%         4
 Passage of Golubria      Tloc           N/A        N/A       30%         4
 Summon Forest            Summ/Tloc      4%         N/A       61%         5
 Yara's Violent Unravell  Hex/Tmut       4%         3d4       61%         5
 Eringya's Noxious Bog    Tmut/Pois      4%         N/A       99%         6
 Summon Hydra             Summ           4%         N/A       100%        7


Dungeon Overview and Level Annotations

Branches:
Dungeon (9/15)             Temple (1/1) D:6            Lair (0/6) D:9
    Orc (0/2) D:9

Altars:
Ashenzari
Cheibriados
Dithmenos
Elyvilon
Hepliaklqana
Kikubaaqudgha
Okawaru
Qazlal
Ru
Sif Muna
Trog
Uskayaw
Wu Jian
Xom
Yredelemnul
Zin
The Shining One
Lugonu

Shops:
D:1 *

Portals:
Abyss: D:8


Innate Abilities, Weirdness & Mutations

You can breathe wild blasts of lightning.
Your glossy black scales are hard. (AC +7)
You cannot fit into any form of body armour.
You are resistant to electric shocks. (rElec)
You are cold-blooded and may be slowed by cold attacks.


Message History

The centaur warrior shouts! (Press . to maintain the ray.)
The centaur warrior drinks a potion.
The centaur warrior suddenly seems more resistant.
The searing ray hits the centaur warrior!
The centaur warrior is heavily wounded.
The centaur warrior unwields a +0 long sword.
The centaur warrior wields a +0 shortbow of flaming.
It bursts into flame!
The centaur warrior shoots an arrow.
The arrow hits you! The arrow burns you.
The searing ray hits the centaur warrior!
The centaur warrior is severely wounded.
The centaur warrior shoots an arrow.
The arrow hits you!! The arrow burns you!
The centaur warrior shoots an arrow.
The arrow completely misses you.
The searing ray hits the centaur warrior.
The centaur warrior is severely wounded.
You finish channeling your searing ray.
The centaur warrior shoots an arrow.
The arrow hits you! The arrow burns you.
Okay, then.
Unknown command.
You feel much better.
The centaur warrior shoots an arrow.
The arrow hits you! The arrow burns you!
The centaur warrior shoots an arrow.
The arrow hits you! The arrow burns you.
* * * LOW HITPOINT WARNING * * *
Casting: Searing Ray (safe; 1% risk of failure)
Confirm with . or Enter, or press ? or * to list all spells.
Aiming: Searing Ray (safe; 1% risk of failure)
Press: ? - help, Shift-Dir - straight line, f/p - centaur warrior
Aim: a centaur warrior, wielding a +0 shortbow of flaming and quivering arrows (severely wounded, unusually resistant, 87% to hit)
The searing ray hits the centaur warrior!
The centaur warrior is almost dead. (Press . to maintain the ray.)
The centaur warrior shoots an arrow.
The arrow hits you!
* * * LOW HITPOINT WARNING * * *
The arrow burns you.
* * * LOW HITPOINT WARNING * * *
The centaur warrior shoots an arrow.
The arrow hits you.
* * * LOW HITPOINT WARNING * * *
The arrow burns you.
You die...

..#.#.#.#.#.# #..........
..#.#.#.#.#.####### #..........
'##.#...#.#.#.....# #..........
..#.#####.#.#.....# #..........
..#...)...#.#.....# #..........
..#.#####.#.#.....# #..........
###.#...#.#.#.....# ##.....4....
....#.#.#.#..##### .......o....
....#.#.#.#..#..@# ............
....#.#...#).'...# ............
....#.#####..#...# .........P..
....#........#...c.....P..P.8o...
....#.#####..#..##.........o..o8.
..#.#.#...#.###'###c##..8.P...P.P
..#.#.#.#.#..........#8.8.8......
..#.#.#.#.#.......Z.......8!.....
..'.#...#.#........Z......


You could see a centaur warrior (resistant).

Vanquished Creatures
  A two-headed ogre (D:7)
  An elephant (D:9)
  4 yaks (D:9)
  3 steam dragons (D:8)
  3 water moccasins
  3 sky beasts
  A hornet zombie (D:6)
  2 orc warriors
  2 ice beasts
  5 black bears
  A necrophage (D:6)
  A phantom (D:6)
  An ogre (D:5)
  4 centaurs
  2 kobold brigands
  A bullfrog (D:7)
  A gnoll sergeant (D:5)
  2 scorpions
  A killer bee (D:7)
  11 wights
  3 electric eels (D:7)
  3 howler monkeys
  2 centaur zombies
  A jelly (D:5)
  2 orc priests
  4 centaur skeletons
  5 hounds
  A bullfrog skeleton (D:7)
  4 iguanas
  3 orc wizards
  A killer bee zombie (D:6)
  2 howler monkey zombies
  7 gnolls (D:5)
  5 adders
  6 shadow imps
  2 white imps
  An ufetubus (D:5)
  13 dart slugs
  16 orcs
  3 bats
  2 bat zombies (D:7)
  12 endoplasms
  3 giant cockroaches
  8 goblins
  7 hobgoblins
  5 jackals (D:3)
  14 kobolds
  6 quokkas
  10 ball pythons
  A frilled lizard (D:2)
  11 rats
  A rat zombie (D:7)
  2 lurking horrors (D:8)
216 creatures vanquished.

Vanquished Creatures (others)
  8 fulminant prisms
  16 fungi (D:4)
  A lurking horror (D:8)
  79 plants
  8 withered plants (D:9)
112 creatures vanquished.

Grand Total: 328 creatures vanquished

Notes
Turn   | Place    | Note
-------+----------+-------------------------------------------
     0 | D:1      | chibimon the Draconian Conjurer began the quest for the
                  | Orb.
     0 | D:1      | Reached XP level 1. HP: 14/14 MP: 3/3
   107 | D:1      | Reached XP level 2. HP: 11/20 MP: 0/5
   112 | D:1      | Learned a level 2 spell: Searing Ray
   295 | D:1      | Found a faded altar of an unknown god.
   796 | D:1      | Reached XP level 3. HP: 23/26 MP: 1/6
  1039 | D:1      | Found Warasun's General Store.
  1051 | D:1      | Bought a scroll of noise for 10 gold pieces
  2172 | D:3      | Reached XP level 4. HP: 33/33 MP: 0/8
  2498 | D:3      | Found a bloodstained altar of Trog.
  3157 | D:4      | Reached XP level 5. HP: 38/38 MP: 4/9
  3641 | D:4      | Found a white marble altar of Elyvilon.
  3641 | D:4      | Noticed a black bear
  3647 | D:4      | Killed a black bear
  3648 | D:4      | Reached skill level 5 in Conjurations
  3648 | D:4      | Reached XP level 6. HP: 45/45 MP: 1/11
  4183 | D:4      | Found a sacrificial altar of Ru.
  4433 | D:1      | Bought a potion of flight for 30 gold pieces
  4433 | D:1      | Bought a scroll of identify for 20 gold pieces
  4433 | D:1      | Bought a scroll of identify for 20 gold pieces
  4433 | D:1      | Bought a scroll of fear for 35 gold pieces
  4433 | D:1      | Bought a +0 spear for 30 gold pieces
  4524 | D:5      | Entered Level 5 of the Dungeon
  4539 | D:5      | Noticed a water moccasin
  4556 | D:4      | Learned a level 4 spell: Fulminant Prism
  4561 | D:4      | Learned a level 4 spell: Iskenderun's Mystic Blast
  4707 | D:5      | Your scales start taking on a glossy black colour.
  4707 | D:5      | Reached XP level 7. HP: 50/50 MP: 3/13
  4707 | D:5      | Gained mutation: You are resistant to electric shocks.
                  | (rElec) [Black Draconian growth]
  5052 | D:5      | Reached skill level 6 in Conjurations
  5257 | D:5      | Reached skill level 5 in Spellcasting
  5370 | D:5      | Reached XP level 8. HP: 56/57 MP: 4/15
  5677 | D:5      | Found a glowing silver altar of Zin.
  5908 | D:6      | Found a staircase to the Ecumenical Temple.
  5923 | Temple   | Entered the Ecumenical Temple
  6142 | D:6      | Reached skill level 7 in Conjurations
  6396 | D:6      | Reached skill level 5 in Dodging
  6549 | D:6      | Found an ornate altar of the Wu Jian Council.
  6667 | D:6      | Identified the +7 chain mail of Array {*Slow rN+ Str+7}
  6748 | D:6      | Reached skill level 1 in Air Magic
  6748 | D:6      | Reached skill level 1 in Evocations
  6748 | D:6      | Reached XP level 9. HP: 63/63 MP: 11/18
  6799 | D:6      | Reached skill level 1 in Fighting
  6958 | D:6      | Reached skill level 8 in Conjurations
  7380 | D:7      | Learned a level 2 spell: Poisonous Vapours
  7447 | D:7      | Found a shimmering altar of Xom.
  7448 | D:7      | Found a glowing golden altar of the Shining One.
  7591 | D:7      | Noticed a two-headed ogre
  7608 | D:7      | Killed a two-headed ogre
  8094 | D:7      | Reached skill level 5 in Air Magic
  8266 | D:7      | Reached XP level 10. HP: 77/77 MP: 14/20
  8589 | D:7      | Found a shimmering blue altar of Sif Muna.
  8594 | D:7      | Became a worshipper of Sif Muna the Loreminder
  8663 | D:7      | Found an ancient bone altar of Kikubaaqudgha.
  8859 | D:8      | Found a one-way gate to the infinite horrors of the Abyss.
  8868 | D:8      | Found a corrupted altar of Lugonu.
  9217 | D:8      | Found a shadowy altar of Dithmenos.
  9868 | D:9      | Found a staircase to the Lair.
  9868 | D:9      | Noticed an elephant
  9878 | D:9      | Reached skill level 1 in Invocations
  9882 | D:9      | Killed an elephant
 10047 | D:9      | Found a staircase to the Orcish Mines.
 10066 | D:9      | Reached * piety under Sif Muna
 10165 | D:9      | Reached skill level 5 in Evocations
 10179 | D:9      | Reached skill level 9 in Conjurations
 10321 | D:9      | Noticed a centaur warrior
 10331 | D:9      | HP: 1/80 [centaur warrior/arrow (5)]
 10331 | D:9      | Shot with an arrow by a centaur warrior

Illustrated notes

Levels and vault maps discovered:
D:1:      heliophobic_arrival_enchanted_forest, layout_basic,
          shapermc_ecumenical_altar_petra, serial_glass, glass_columns_b,
          glass_columns_a, due_unseen_surprise, serial_shops, shop
D:2:      minmay_alternating_diamond, layout_loops_ring, minmay_tetromino_i2
D:3:      layout_loops_cross, mainiacjoe_overflow_cross_hatched, minmay_puff
D:4:      kennysheep_slugbush, layout_loops_ring, nicolae_ru_path_of_blood,
          mainiacjoe_overflow_chevrons, bh_walls_and_bars
D:5:      layout_loops_cross, lemuel_coloured_pillars_altar, st_stairs_1
D:6:      layout_basic, nzn_wu_jian_contemplation, minmay_temple_entry_grid
D:7:      layout_cave_pools, nicolae_sif_muna_little_library,
          gammafunk_temple_overflow_pools, lemuel_zombie_altar_kikubaaqudgha,
          serial_bayou, serial_bayou_pond_b, serial_bayou_lagoon_a,
          serial_bayou_ford_a, serial_bayou_pond_b
D:8:      cheibrodos_steamvent, layout_loops_cross,
          grunt_temple_overflow_lords_of_destruction, lemuel_tele_altar,
          amcnicky_altar_lugonu_corruption
D:9:      cheibrodos_grave_circle, layout_gridville, david_lair_generic,
          orc_0_dummy, roderic_lattice_a
Temple:   corrupted_temple

Skill      XL: |  1  2  3  4  5  6  7  8  9 10 |
---------------+-------------------------------+-----
Dodging        | 2 3 4 5 6 |  6.4
Stealth        | 2 3 4 |  4.0
Spellcasting   | 3 4 5 6 7 |  7.5
Conjurations   | 5 6 7 8 9 |  9.0
Air Magic      | 1 5 6 |  6.4
Evocations     | 1 4 5 |  5.1
Fighting       | 3 4 |  4.3
Invocations    | 2 |  2.4

Action                   |  1- 3 |  4- 6 |  7- 9 | 10-12 || total
-------------------------+-------+-------+-------+-------++-------
Melee: Dagger            |    56 |       |       |       ||    56
       Unarmed           |     6 |       |       |       ||     6
       Tailslap          |    11 |     3 |     5 |     6 ||    25
       Hand axe          |    19 |    35 |       |       ||    54
       Spear             |       |     1 |    15 |       ||    16
       Flail             |       |       |    16 |    33 ||    49
       Staff             |       |       |    38 |    16 ||    54
 Cast: Magic Dart        |    47 |    54 |    62 |    12 ||   175
       Searing Ray       |     6 |    25 |    50 |    23 ||   104
       Poisonous Vapours |       |       |     9 |     3 ||    12
       Iskenderun's Myst |       |       |     1 |     4 ||     5
       Fulminant Prism   |       |       |       |     8 ||     8
 Abil: Breathe Lightning |       |       |     2 |     2 ||     4
  Use: Scroll            |       |    13 |     2 |     2 ||    17
       Potion            |       |       |     5 |     1 ||     6
 Stab: Sleeping          |     4 |     3 |     2 |       ||     9
Armor: Skin              |    33 |    25 |    59 |    58 ||   175
Dodge: Dodged            |    56 |    34 |    97 |    87 ||   274
